 Dungeon Crawl Stone Soup version 0.17-a0-1515-gfae3d72 (webtiles) character file.

491 matakusis the Insei (level 6, -3/52 HPs)
             Began as a Draconian Transmuter on July 12, 2015.
             Slain by Duvessa
             ... wielding a +0 rapier
              (6 damage)
             ... on level 4 of the Dungeon.
             The game lasted 00:27:49 (3419 turns).

matakusis the Insei (Draconian Transmuter)          Turns: 3419, Time: 00:27:50

Health: -3/52      AC:  2    Str: 12    XL:     6   Next: 91%
Magic:  1/11       EV: 22    Int: 14    God:
Gold:   234        SH:  0    Dex: 18    Spells: 3 memorised, 6 levels left

rFire  . . .     SeeInvis .       - Unarmed
rCold  . . .     Clarity  .     (armour unavailable)
rNeg   + . .     SustAt   .     (shield currently unavailable)
rPois  x         Gourm    .     (helmet currently unavailable)
rElec  .         Spirit   .     (cloak currently unavailable)
rCorr  .         Warding  +     (gloves currently unavailable)
rMut   .         Stasis   .     (boots currently unavailable)
MR     .....                    i - amulet of warding
Stlth  ++........               (no ring)
                                (no ring)

@: about to teleport, spider-form (expiring), very slightly contaminated, not
resistant to hostile enchantments, unstealthy
A: unfitting armour, (cold-blooded), AC +6
a: End Transformation


You were on level 4 of the Dungeon.
You were not hungry.
You were a venomous arachnid creature.
You visited 1 branch of the dungeon, and saw 4 of its levels.

You collected 234 gold pieces.

Inventory:

Hand weapons
 l - a +2 rapier of speed
Missiles
 a - 54 arrows
Armour
 p - a +0 large shield
Jewellery
 i - an amulet of warding (around neck)
Magical devices
 m - a wand of magic darts (18)
 r - a wand of enslavement (5)
 z - a wand of invisibility (2)
Scrolls
 f - a scroll of immolation
 h - 3 scrolls of fear
 q - a scroll of enchant weapon
 t - a scroll of remove curse
 u - a scroll of magic mapping
 x - 2 scrolls of noise {unknown}
 y - a scroll of identify
Potions
 e - a potion of haste
 o - a potion of cancellation
 s - a potion of flight {unknown}
 v - a potion of invisibility {unknown}
 w - a potion of might {unknown}
Books
 b - a book of Changes

   Spells                             Type                      Level
   a - Beastly Appendage              Transmutation                1
   b - Sticks to Snakes               Transmutation                2
   c - Spider Form                    Transmutation/Poison         3
   d - Ice Form                       Ice/Transmutation            4
   e - Blade Hands                    Transmutation                5
Comestibles
 c - 2 bread rations
 d - a chunk of flesh
 g - 3 beef jerkies
 j - 2 fruits


   Skills:
 * Level 4.0 Fighting
 + Level 3.8 Dodging
 + Level 4.4 Unarmed Combat
 * Level 3.7 Spellcasting
 + Level 2.4 Transmutations


You had 6 spell levels left.
You knew the following spells:

 Your Spells              Type           Power        Failure   Level  Hunger
a - Beastly Appendage     Trmt           #.....       24%         1    None
b - Sticks to Snakes      Trmt           #.........   32%         2    ##.....
c - Spider Form           Trmt/Pois      #.........   61%         3    ###....


Dungeon Overview and Level Annotations

Branches:
Dungeon (4/15)
 Temple: D:4-7

Altars:
Ashenzari
Yredelemnul
The Shining One

Annotations:
D:4 Dowan, Duvessa


Innate Abilities, Weirdness & Mutations

((Your plain brown scales are hard (AC +6).))
Your body does not fit into most forms of armour.
((You are cold-blooded and may be slowed by cold attacks.))


Message History

You hit Duvessa.
Duvessa is moderately wounded.
Your transformation is almost over.
Dowan completely misses you. Duvessa misses you.
Read which item? (? for menu, Esc to quit)
As you read the scroll of teleportation, it crumbles to dust.
You feel strangely unstable. Dowan hits you with a dagger.
* * * LOW HITPOINT WARNING * * *
Duvessa barely misses you.
You hit Duvessa.
Duvessa is heavily wounded.
Dowan hits you with a dagger.
* * * LOW HITPOINT WARNING * * *
Duvessa barely misses you.
You hit Duvessa.
Duvessa is severely wounded.
Dowan points at you and mumbles some strange words.
The puff of frost misses you.
The puff of frost hits Duvessa.
Duvessa hits you with a rapier.
You die...

########.
############)..ooooe ..
####### #.....ese..#e# #.
รท.....####.########.#.#
#. #..............##....)#
#. #.###.####..#.#.#.###.#
#. #.# #....>............#
#. #.# ######).#.#)#.....#
#.###. #.#
##.#....#.......# #.....
..######.###..#...........
#####. ........##
##.#........### #.


You could see Duvessa and Dowan.

Vanquished Creatures
  Eustachio (D:4)
  A scorpion (D:4)
  An orc priest (D:4)
  Jessica (D:2)
  2 orc wizards (D:4)
  Natasha (D:4)
  Robin (D:4)
  4 adders
  A white imp (D:4)
  An ooze (D:3)
  4 worms
  2 giant geckos
  2 orcs (D:4)
  3 ball pythons
  7 giant cockroaches
  12 goblins
  10 hobgoblins
  8 jackals
  12 kobolds
  A quokka (D:3)
  7 bats
  A giant gecko zombie (D:4)
  10 giant newts
  A goblin zombie (D:4)
  2 hobgoblin zombies (D:4)
  2 kobold skeletons (D:4)
  2 kobold zombies (D:4)
  An orc zombie (D:4)
  9 rats
  A spectral orc (D:3)
111 creatures vanquished.

Notes
Turn   | Place    | Note
--------------------------------------------------------------
     0 | D:1      | matakusis the Draconian Transmuter began the quest for the Orb.
     0 | D:1      | Reached XP level 1. HP: 16/16 MP: 3/3
   108 | D:1      | Reached XP level 2. HP: 14/23 MP: 5/5
   368 | D:1      | Learned a level 2 spell: Sticks to Snakes
   680 | D:2      | Reached XP level 3. HP: 21/29 MP: 6/6
   770 | D:2      | Noticed Jessica
   782 | D:2      | Killed Jessica
   835 | D:2      | Learned a level 3 spell: Spider Form
   902 | D:2      | Reached XP level 4. HP: 33/37 MP: 7/7
  1877 | D:3      | Found a basalt altar of Yredelemnul.
  2218 | D:3      | Reached XP level 5. HP: 42/44 MP: 1/9
  2548 | D:4      | Found a glowing golden altar of the Shining One.
  2671 | D:4      | Reached skill level 4 in Unarmed Combat
  2907 | D:4      | Noticed Eustachio
  2948 | D:4      | Noticed Natasha
  2967 | D:4      | Killed Natasha
  3028 | D:4      | Killed Eustachio
  3028 | D:4      | Reached XP level 6. HP: 22/52 MP: 4/11
  3095 | D:4      | Noticed Robin
  3110 | D:4      | Killed Robin
  3346 | D:4      | Found a shattered altar of Ashenzari.
  3367 | D:4      | Noticed Dowan
  3382 | D:4      | Noticed Duvessa
  3414 | D:4      | HP: 2/52 [Dowan/dagger (2)]
  3419 | D:4      | Slain by Duvessa

Vault maps used:
D:1:      sevenhm_arrival_forest_fort_small_3, corexii_corridor_pit
D:2:      uniq_jessica
D:3:      yredelemnul_forgotten_temple_becter, minmay_misc_feat_tiny,
          serial_bayou_crossing
D:4:      lemuel_crystal_altar, nicolae_tso_besieged_by_evil, uniq_robin,
          uniq_duvessa, uniq_eustachio, uniq_natasha

Action                   |  1- 3 |  4- 6 || total
-------------------------+-------+-------++-------
Melee: Unarmed           |   140 |   355 ||   495
       Rapier            |       |     6 ||     6
 Cast: Beastly Appendage |     5 |    10 ||    15
       Spider Form       |       |     7 ||     7
       Sticks to Snakes  |       |     1 ||     1
  Use: Scroll            |       |    12 ||    12
       Potion            |       |     3 ||     3
 Stab: Sleeping          |     1 |       ||     1
  Eat: Chunk             |       |     7 ||     7
       Bread ration      |       |     1 ||     1
